 Dungeon Crawl Stone Soup version 0.30-a0-737-gf23d94013f (webtiles) character file.

Game seed: 16264274608629811724

68486 Orangeyouglad the Nimble (level 15, 0/115 HPs)
             Began as a Human Cinder Acolyte on Feb 2, 2023.
             Was an Initiate of Ignis.
             Slain by Azrael
             ... wielding a +2 scimitar of flaming
              (2 damage)
             ... on level 14 of the Dungeon.
             The game lasted 01:45:04 (27343 turns).

Orangeyouglad the Nimble (Human Cinder Acolyte)    Turns: 27343, Time: 01:45:04

Health: 0/115      AC: 16    Str: 16    XL:     15   Next: 70%
Magic:  10/33      EV: 16    Int: 30    God:    Ignis [......]
Gold:   1175       SH:  6    Dex: 14    Spells: 7/26 levels left

rFire   + . .      SeeInvis .    W - +8 rapier "Wocirat" {spect, MP+9}
rCold   . . .      Faith    .    P - +0 buckler
rNeg    . . .      Spirit   .    J - +0 acid dragon scales
rPois   .          Reflect  .    S - +2 hat {Int+3}
rElec   .          Harm     .    T - +2 cloak
rCorr   +          Rampage  .    K - +1 pair of gloves
Will    +....                    U - +0 pair of boots
Stlth   +                        q - amulet of regeneration
HPRegen 1.19/turn                w - +6 ring of intelligence
MPRegen 0.23/turn                g - +6 ring of dexterity

@: studying Axes
A: no striking features
a: Renounce Religion


You were on level 14 of the Dungeon.
You worshipped Ignis.
Ignis was noncommittal.
You visited 4 branches of the dungeon, and saw 21 of its levels.
You also visited: Sewer.

You collected 1303 gold pieces.
You spent 128 gold pieces at shops.

Inventory:

Hand Weapons
 a - the +8 dagger of the Rescuing Jester {spect, rElec Str+2}
   (You found it on level 3 of the Lair of Beasts)

   Str:       It affects your strength (+2).
   rElec:     It insulates you from electricity.
 W - the +8 rapier "Wocirat" (weapon) {spect, MP+9}
   (You found it on level 5 of the Lair of Beasts)

   MP:        It affects your magic capacity (+9).
Missiles
 d - 2 throwing nets
 v - 6 atropa-tipped darts
Armour
 z - the +10 tower shield of Ignorance {rN+ Int-4}
   (You found it on level 14 of the Dungeon)

   Int:       It affects your intelligence (-4).
   rN:        It protects you from negative energy.
 J - +0 acid dragon scales (worn)
 K - a +1 pair of gloves (worn)
 P - a +0 buckler (worn)
 R - a scarf of shadows
 S - a +2 hat of intelligence (worn)
 T - a +2 cloak (worn)
 U - a +0 pair of boots (worn)
 V - a +2 robe of the Archmagi
Magical Staves
 n - a staff of air
Jewellery
 g - a +6 ring of dexterity (right hand)
 m - a ring of flight
 o - a ring of magical power
 p - a ring of protection from cold
 q - an amulet of regeneration (around neck)
 w - a +6 ring of intelligence (left hand)
 x - a +4 ring of protection
 y - a +6 ring of strength
 Y - a ring of magical power
Wands
 r - a wand of roots (4)
 N - a wand of charming (8)
Scrolls
 l - a scroll of magic mapping
 t - 4 scrolls of immolation
 A - a scroll of teleportation
 C - 2 scrolls of amnesia
 D - a scroll of fear
 G - a scroll of torment
 I - 5 scrolls of blinking
 M - a scroll of silence
 O - 2 scrolls of enchant armour
 Q - 2 scrolls of vulnerability
 X - 2 scrolls of enchant weapon
 Z - 5 scrolls of butterflies
Potions
 c - 3 potions of brilliance
 e - 4 potions of ambrosia
 f - 2 potions of resistance
 h - 12 potions of curing
 i - a potion of heal wounds
 j - 3 potions of mutation
 k - 2 potions of cancellation
 s - 4 potions of flight
 u - 6 potions of attraction
 B - 2 potions of haste
 E - 3 potions of invisibility {unknown}
 F - 4 potions of might
 H - 2 potions of lignification
Miscellaneous
 b - a box of beasts (inert)
 L - a lightning rod (inert)


   Skills:
 - Level 10.0 Fighting
 - Level 3.2 Long Blades
 - Level 6.0 Armour
 - Level 11.0 Dodging
 + Level 10.1 Shields
 - Level 6.0 Spellcasting
 + Level 10.2 Conjurations
 - Level 10.0 Summonings
 + Level 4.0 Translocations
 - Level 10.1 Fire Magic
 - Level 6.0 Evocations


You had 7 spell levels left.
You knew the following spells:

 Your Spells              Type           Power      Damage    Failure   Level
a - Scorch                Fire           100%       2d10      1%          2
b - Call Imp              Summ           62%        N/A       1%          2
c - Fireball              Conj/Fire      31%        3d13      3%          5
d - Iskenderun's Battles  Conj           63%        2d11      3%          5
e - Summon Forest         Summ/Tloc      25%        N/A       13%         5

Your spell library contained the following spells:

 Spells                   Type           Power      Damage    Failure   Level
 Magic Dart               Conj           100%       1d8       1%          1
 Flame Wave               Conj/Fire      63%        2d15      1%          4
 Lesser Beckoning         Tloc           66%        N/A       2%          2
 Gell's Gravitas          Tloc           33%        N/A       4%          3
 Teleport Other           Tloc           33%        N/A       4%          3
 Ignite Poison            Fire/Tmut/Pois 29%        N/A       6%          3
 Mephitic Cloud           Conj/Pois/Air  29%        N/A       6%          3
 Portal Projectile        Hex/Tloc       42%        N/A       11%         3
 Wereblood                Tmut           9%         N/A       13%         2
 Summon Cactus Giant      Summ           31%        N/A       22%         6
 Tukima's Dance           Hex            9%         N/A       26%         3
 Summon Mana Viper        Hex/Summ       39%        N/A       30%         5
 Anguish                  Hex/Necr       4%         N/A       63%         4
 Petrify                  Tmut/Erth      9%         N/A       63%         4
 Orb of Destruction       Conj           31%        9d10      73%         7
 Conjure Ball Lightning   Conj/Air       19%        3x3d6     85%         6
 Blade Hands              Tmut           4%         N/A       93%         5
 Enfeeble                 Hex            4%         N/A       100%        7
 Storm Form               Tmut/Air       4%         N/A       100%        7


Dungeon Overview and Level Annotations

Branches:
Dungeon (14/15)            Temple (1/1) D:7            Lair (5/5) D:8
  Swamp (0/4) Lair:2       Spider (0/4) Lair:2        Slime (1/5) Lair:5
    Orc (0/2) D:11         Vaults (0/5) D:14          Sewer (visited)

Altars:
Ashenzari
Cheibriados
Dithmenos
Elyvilon
Fedhas
Gozag
Hepliaklqana
Kikubaaqudgha
Makhleb
Nemelex Xobeh
Okawaru
Qazlal
Ru
Sif Muna
Trog
Uskayaw
Vehumet
Wu Jian
Xom
Yredelemnul
Zin
The Shining One

Shops:
D:1 [   D:2 *   D:14 ?*=

Annotations:
D:10 2 transporters, HilariousDeathArtist's ghost, journeyman DjFi
D:14 Azrael


Message History

The thunderbolt hits Azrael!!
Azrael is severely wounded.
The lightning rod overheats!
Azrael hits you with a +2 scimitar of flaming!
Azrael burns you.
Okay, then.
Okay, then.
Cast which spell? (? or * to list)
Okay, then.
Press: ? - help, v - describe, . - travel, g - get item
Here: Azrael, wielding a +2 scimitar of flaming (severely wounded) Item here: a hell hound corpse.
The floor.
You open the lid... ...and a juvenile shockfire beast leaps out!
The box is emptied!
Azrael laughs insanely.
Azrael barely misses you.
You barely miss Azrael.
Azrael is severely wounded.
Space becomes stable.
Azrael gestures at you.
The sphere of damnation explodes!
The damnation engulfs you!!!
* * * LOW HITPOINT WARNING * * *
The damnation engulfs Azrael.
Azrael completely resists.
Your juvenile shockfire beast hits Azrael!
You hit Azrael but do no damage.
Azrael is severely wounded.
Azrael hits you but does no damage.
Your juvenile shockfire beast bursts into living lightning!
The living lightning hits Azrael!
Your juvenile shockfire beast blinks!
You hit Azrael.
Azrael is almost dead.
Azrael closely misses you.
Your juvenile shockfire beast completely misses Azrael.
Azrael hits you with a +2 scimitar of flaming!
* * * LOW HITPOINT WARNING * * *
Azrael burns you.
You die...

#....# #○# *#+** *.#
###)#.# ##°# *.####.##
#..∩..# #..#
###.#.#.#. #.#)###
#.♣# #......... #[..#
♣♣.#########.#.......
####)##
##.°○.....##..........
.....#
#...○.....###.#.......
#'''###
#..H##.##.##.......>..
......##
#...R@........#.......
.......##
#...##.##.##..........
........##
#..≈##.##.###.#.#.#.#.
......†..###.≈≈~.....#
##.#######
.....)....##≈≈~~.....#
#.#
...........##.~~.#####
#.# .........^..#.##.#
#.# ............#.♣#.#
#.# ............#.##.#
#.#


You could see Azrael (ally target) and a friendly juvenile shockfire beast
(summoned).

Vanquished Creatures
  2 hydras
  Fannar (Lair:1)
  4 vault guards (D:14)
  2 catoblepae
  3 centaur warriors (D:14)
  4 two-headed ogres
  A tengu warrior (D:13)
  A boulder beetle (D:13)
  A deep troll shaman (Lair:5)
  9 death yaks
  Urug (D:10)
  Amaemon (Lair:1)
  Lodul (D:10)
  Pikel (D:4)
  2 deep elf pyromancers
  4 oklob plants (Lair:5)
  7 ugly things
  4 cyclopes
  A manticore (D:13)
  5 elephants
  2 black mambas
  11 cane toads
  An orange demon (Lair:1)
  Maggie (D:6)
  Joseph (D:8)
  3 gargoyles
  2 unseen horrors (D:12)
  A kobold demonologist (D:11)
  4 rime drakes
  5 komodo dragons
  A polar bear (Lair:1)
  2 trolls (D:11)
  29 blink frogs
  2 hornets
  3 dream sheep
  A shadow (D:12)
  3 slime creatures
  42 yaks
  2 wraiths
  4 wyverns
  6 humans (D:14)
  3 fire elementals (D:14)
  4 basilisks
  3 vampire mosquitoes
  A steam dragon (D:8)
  A redback (Lair:2)
  3 acid dragons
  3 swamp worms (Lair:2)
  A hell hound (D:14)
  9 water moccasins
  3 orc warriors
  An ice beast (D:6)
  6 black bears
  6 ogres
  2 boggarts (D:14)
  9 wolves
  A wolf (shapeshifter) (D:14)
  15 centaurs
  2 phantoms
  6 kobold brigands
  A gnoll sergeant (D:9)
  9 bullfrogs
  5 scorpions
  6 wights
  8 killer bees
  A howler monkey (D:12)
  An electric eel (D:6)
  2 jellies
  7 orc priests
  3 gnoll boudas
  4 iguanas
  11 orc wizards
  5 hell rats (Lair:3)
  7 gnolls
  11 adders
  2 shadow imps
  3 white imps
  An ufetubus (D:5)
  A worm (D:3)
  32 orcs
  6 ball pythons
  6 endoplasms
  4 giant cockroaches
  6 goblins
  3 hobgoblins (D:1)
  18 jackals
  2 quokkas
  7 bats
  4 frilled lizards
  33 kobolds
  9 rats
  A snaplasher vine (D:14)
479 creatures vanquished.

Vanquished Creatures (collateral kills)
  Jorgrun (D:12)
  Gastronok (Lair:1)
  A hydra (Lair:5)
  A centaur warrior (D:13)
  A boulder beetle (D:9)
  3 elephants (Lair:5)
  A gargoyle (D:13)
  2 cane toads (Lair:1)
  5 dream sheep (Lair:3)
  A wyvern (Lair:4)
  A human (D:14)
  3 ogres (D:10)
  2 boggarts (D:14)
  A wight (D:9)
  3 gnolls
  A white imp (D:8)
  An orc (D:10)
  A bush (Lair:3)
30 creatures vanquished.

Vanquished Creatures (others)
  A black mamba (Lair:5)
  A blink frog (Lair:5)
  2 yaks
  A human (D:14)
  A boggart (D:14)
  A centaur (D:14)
  2 ogres (D:10)
  A kobold (D:8)
  32 fungi
  51 plants
  A snaplasher vine (D:14)
94 creatures vanquished.

Grand Total: 603 creatures vanquished

Notes
Turn   | Place    | Note
-------+----------+-------------------------------------------
     0 | D:1      | Orangeyouglad the Human Cinder Acolyte began the quest for
                  | the Orb.
     0 | D:1      | Reached XP level 1. HP: 18/18 MP: 2/2
   109 | D:1      | Reached XP level 2. HP: 18/24 MP: 3/3
   217 | D:1      | Learned a level 2 spell: Scorch
   469 | D:1      | Reached XP level 3. HP: 24/29 MP: 0/5
   777 | D:1      | Found Voodymewk's Antique Armour Boutique.
  1493 | D:2      | Reached skill level 1 in Dodging
  1493 | D:2      | Reached XP level 4. HP: 34/35 MP: 6/6
  1544 | D:2      | Found Paralen's Assorted Antiques.
  1564 | D:2      | Bought a scroll labelled GYL IFIENLUBEE for 24 gold pieces
  1751 | D:3      | Found an iron altar of Okawaru.
  1855 | D:3      | Reached XP level 5. HP: 19/42 MP: 8/8
  1995 | D:3      | Found a sparkling altar of Nemelex Xobeh.
  2084 | D:3      | Found a faded altar of an unknown god.
  2349 | D:3      | Found a hide-covered altar of Uskayaw.
  3145 | D:3      | Noticed an ogre
  3153 | D:3      | Killed an ogre
  3154 | D:3      | Reached skill level 2 in Dodging
  3154 | D:3      | Reached XP level 6. HP: 37/48 MP: 9/10
  3305 | D:3      | Found a white marble altar of Elyvilon.
  3602 | D:4      | Reached XP level 7. HP: 48/55 MP: 11/11
  3632 | D:4      | Found a broken altar of Ashenzari.
  3824 | D:4      | Noticed Pikel
  4054 | D:4      | Reached skill level 3 in Dodging
  4174 | D:5      | Entered Level 5 of the Dungeon
  4199 | D:5      | Found a glowing drain.
  4208 | Sewer    | Entered a sewer
  4502 | Sewer    | Found a white marble altar of Elyvilon.
  4768 | D:5      | Reached skill level 5 in Fighting
  4768 | D:5      | Reached skill level 5 in Fire Magic
  4768 | D:5      | Reached XP level 8. HP: 41/62 MP: 11/13
  4966 | D:5      | Reached skill level 4 in Dodging
  5023 | D:5      | Found a basalt altar of Yredelemnul.
  5071 | D:5      | HP: 3/63 [orc priest/nerve-wracking pain (9)]
  5737 | D:5      | Learned a level 2 spell: Call Imp
  5744 | D:6      | Noticed Maggie
  5744 | D:6      | Noticed a two-headed ogre
  6018 | D:5      | Reached skill level 1 in Summonings
  6131 | D:6      | Killed a two-headed ogre
  6132 | D:6      | Reached skill level 5 in Dodging
  6132 | D:6      | Reached XP level 9. HP: 40/71 MP: 15/15
  6778 | D:6      | Reached skill level 6 in Dodging
  7226 | D:6      | Killed Maggie
  7227 | D:6      | Reached XP level 10. HP: 76/79 MP: 8/16
  7816 | D:7      | Reached skill level 5 in Summonings
  7824 | D:7      | Reached skill level 7 in Dodging
  8034 | D:7      | Found a staircase to the Ecumenical Temple.
  8106 | Temple   | Entered the Ecumenical Temple
  8308 | D:7      | Found an opulent altar of Gozag.
  9554 | D:8      | Reached XP level 11. HP: 61/87 MP: 6/17
  9691 | D:8      | Found a staircase to the Lair.
  9749 | D:8      | Noticed Joseph
  9836 | D:8      | Killed Joseph
 10099 | Lair:1   | Entered Level 1 of the Lair of Beasts
 10099 | Lair:1   | Noticed Gastronok
 10525 | D:9      | Learned a level 5 spell: Fireball
 10991 | D:9      | Reached skill level 8 in Dodging
 10991 | D:9      | Reached skill level 1 in Shields
 11378 | D:9      | Reached skill level 5 in Spellcasting
 11671 | D:9      | Noticed a two-headed ogre
 11678 | D:9      | Killed a two-headed ogre
 12215 | Lair:1   | Killed Gastronok
 12334 | Lair:1   | Noticed Fannar
 12344 | Lair:1   | Killed Fannar
 12638 | Lair:1   | Reached XP level 12. HP: 67/97 MP: 19/19
 12743 | Lair:1   | Reached skill level 9 in Dodging
 12743 | Lair:1   | Reached skill level 1 in Conjurations
 13053 | D:4      | Killed Pikel
 13456 | D:1      | Bought a pair of boots for 76 gold pieces
 13847 | Lair:1   | Noticed Amaemon
 13853 | Lair:1   | Reached skill level 10 in Fighting
 14263 | Lair:1   | Reached skill level 1 in Evocations
 14271 | Lair:1   | Reached skill level 5 in Shields
 14740 | Lair:2   | Found a hole to the Spider Nest.
 15129 | Lair:2   | Found a staircase to the Swamp.
 16207 | Lair:3   | Identified the +8 dagger of the Rescuing Jester {spect,
                  | rElec Str+2}
 16289 | Lair:3   | Reached XP level 13. HP: 95/103 MP: 20/20
 16297 | Lair:3   | Reached skill level 10 in Dodging
 16805 | Lair:3   | Reached skill level 1 in Armour
 16805 | Lair:3   | Reached skill level 5 in Conjurations
 17398 | Lair:4   | Noticed a five-headed hydra
 17405 | Lair:4   | Killed a five-headed hydra
 17502 | Lair:4   | Reached skill level 5 in Evocations
 17582 | Lair:4   | Noticed a catoblepas
 17601 | Lair:4   | Killed a catoblepas
 18573 | Lair:5   | Entered Level 5 of the Lair of Beasts
 18936 | Lair:5   | Reached XP level 14. HP: 72/110 MP: 1/21
 19557 | Lair:5   | Reached skill level 5 in Armour
 19626 | Lair:5   | Identified the +8 rapier "Wocirat" {spect, MP+9}
 20006 | Lair:1   | Killed Amaemon
 21218 | Lair:5   | Reached skill level 10 in Fire Magic
 21336 | Lair:5   | Found a staircase to the Slime Pits.
 21608 | Slime:1  | Entered Level 1 of the Pits of Slime
 21608 | Slime:1  | Noticed an acid blob
 21967 | D:10     | Entered Level 10 of the Dungeon
 22048 | D:10     | Got the Enchiridion on Variable Incineration
 22414 | D:10     | Noticed Urug
 22485 | D:10     | Killed Urug
 22558 | D:10     | Noticed Lodul
 22605 | D:10     | Killed Lodul
 22718 | D:10     | Noticed HilariousDeathArtist's ghost (journeyman DjFi)
 22871 | D:10     | Found a sacrificial altar of Ru.
 22928 | D:10     | Found a transporter.
 22938 | D:10     | Found a transporter.
 23435 | D:11     | Found a staircase to the Orcish Mines.
 23682 | D:11     | You fall into a shaft and drop 3 floors!
 23872 | D:13     | Reached XP level 15. HP: 68/115 MP: 23/23
 24225 | D:13     | Learned a level 5 spell: Iskenderun's Battlesphere
 24231 | D:13     | Learned a level 5 spell: Summon Forest
 24736 | D:11     | Reached skill level 10 in Shields
 25465 | D:12     | Noticed Jorgrun
 25484 | D:12     | HP: 5/115 [constriction (12)]
 25686 | D:12     | Reached skill level 10 in Summonings
 25687 | D:12     | Reached skill level 1 in Translocations
 25711 | D:12     | Killed Jorgrun
 26605 | D:14     | Found Lusmued's Magic Scroll Emporium.
 26619 | D:14     | Bought a scroll of identify for 28 gold pieces
 26681 | D:14     | Reached skill level 10 in Conjurations
 26750 | D:14     | Found a gate to the Vaults.
 26756 | D:14     | Found the +10 tower shield of Ignorance {rN+ Int-4}
 26864 | D:14     | Found Rappiask's General Store.
 26925 | D:14     | Found Heikky's Jewellery Shoppe.
 27068 | D:14     | Reached skill level 11 in Dodging
 27288 | D:14     | Noticed Azrael
 27343 | D:14     | HP: 2/115 [Azrael/+2 scimitar of flaming (8)]
 27343 | D:14     | Slain by Azrael

Illustrated notes

Levels and vault maps discovered:
D:1:      shiori_shiawase, layout_loops_ring, serial_shops, shop,
          minmay_misc_feat_plants, wad_floor_pattern_untrapped,
          serial_bayou_pond_e, minmay_misc_feat_secret_circle
D:2:      layout_rooms, serial_shops, nicolae_shop_trees, minmay_liquid_box
D:3:      layout_basic, nicolae_uskayaw_murder_on_the_dancefloor,
          nicolae_elyvilon_temple_path, mainiacjoe_overflow_catch_the_wave,
          hellmonk_ecumenical_altar_run_dry
D:4:      layout_basic, marbit_many_paths, uniq_pikel
D:5:      layout_cave_pools, mainiacjoe_overflow_boulevard,
          cheibrodos_sewer_entry_sluice
D:6:      layout_basic, serial_bayou_pond_b, uniq_maggie
D:7:      layout_cave_pools, lemuel_doored_altar,
          minmay_temple_entry_drinking_statues
D:8:      layout_cave_pools, lair_entry_dummy, uniq_joseph
D:9:      layout_cave_pods, kennysheep_cross_bottleneck,
          corexii_mini_fake_secret_closet, small_statue_intersection,
          eino_tiny_chamber
D:10:     layout_long_grid, nicolae_overflow_crystal_walls,
          gammafunk_ghost_arena, dk_noncrumbling_3, uniq_lodul, uniq_urug
D:11:     layout_irregular_city, orc_0_dummy
D:12:     layout_roguey, nicolae_kite_square_tiling_tiny, uniq_jorgrun
D:13:     minmay_the_grid_net [minmay_the_grid_minigrid_medium,
          minmay_the_grid_box_x, minmay_the_grid_slots,
          minmay_the_grid_broken_lines, minmay_the_grid_odd_star,
          minmay_the_grid_prize_big_room], layout_rooms
D:14:     layout_loops_corners, ximxim_vaults_locker_room,
          kennysheep_cluttered_room, serial_shops, kennysheep_little_box,
          nicolae_lakefront_shop, nicolae_shop_crystal, shop, st_stairs_4,
          fake_guardian_serpent_vault, uniq_azrael
Temple:   nicolae_temple_ecumenical_triangle
Lair:1:   layout_gridlike, dreamdust_gnoll_shepherd, uniq_fannar,
          uniq_gastronok, uniq_amaemon
Lair:2:   layout_hall_layers, minmay_swamp_entry_worms, spider_nest_entry_rubble
Lair:3:   layout_roguey, chequers_serial_rivers_micro_b
Lair:4:   layout_misc_corridors, beast_lair_carwin_6, grunt_megastairs_2,
          serial_bayou_shore_b
Lair:5:   grunt_lair_end_beastmaster, layout_loops_ring,
          minmay_slime_entry_oklob_open, lemuel_fruit_tree
Slime:1:  layout_caves

Skill      XL: |  1  2  3  4  5  6  7  8  9 10 11 12 13 14 15 |
---------------+----------------------------------------------+-----
Dodging        | 1 2 3 5 6 7 8 9 10 11 | 11.0
Spellcasting   | 2 3 4 5 6 |  6.0
Fighting       | 4 5 6 7 8 9 10 | 10.0
Fire Magic     | 4 5 6 7 8 9 10 | 10.1
Summonings     | 2 4 6 7 8 9 10 | 10.0
Shields        | 3 5 7 9 10 | 10.1
Conjurations   | 4 6 8 10 | 10.2
Evocations     | 3 5 6 |  6.0
Armour         | 4 6 |  6.0
Translocations | 4 |  4.0
Long Blades    | |  3.2

Action                     |  1- 3 |  4- 6 |  7- 9 | 10-12 | 13-15 || total
---------------------------+-------+-------+-------+-------+-------++-------
  Melee: Falchion          |   113 |    10 |       |       |       ||   123
         Dagger            |       |    22 |    42 |    43 |   138 ||   245
         Whip              |       |       |       |    45 |       ||    45
         Long sword        |       |       |       |     5 |       ||     5
         Rapier            |       |       |       |       |   245 ||   245
  Throw: Throwing net      |     1 |       |       |       |       ||     1
         Javelin           |       |       |     2 |       |       ||     2
         Boomerang         |       |       |       |     9 |       ||     9
         Dart              |       |       |       |     5 |     4 ||     9
   Cast: Scorch            |    12 |    38 |   140 |   370 |   429 ||   989
         Call Imp          |       |       |     7 |    29 |    39 ||    75
         Fireball          |       |       |       |       |    58 ||    58
         Iskenderun's Batt |       |       |       |       |    10 ||    10
         Summon Forest     |       |       |       |       |     5 ||     5
 Invoke: Fiery Armour      |       |     1 |     3 |     6 |     3 ||    13
         Rising Flame      |       |       |       |       |     1 ||     1
  Evoke: Wand              |       |       |     1 |    33 |    41 ||    75
         Box of beasts     |       |       |       |       |     2 ||     2
         Lightning rod     |       |       |       |       |     6 ||     6
    Use: Scroll            |       |     6 |     4 |     7 |    13 ||    30
         Potion            |       |     1 |     3 |     2 |     7 ||    13
   Stab: Distracted        |       |       |       |     1 |     1 ||     2
 Armour: Robe              |    55 |    18 |    57 |       |       ||   130
         Acid dragon scale |       |       |       |   182 |   341 ||   523
  Dodge: Dodged            |   116 |    34 |   122 |   357 |   470 ||  1099
  Block: Buckler           |       |       |       |    54 |   192 ||   246
         Tower shield      |       |       |       |       |    25 ||    25

Table legend: (Time is in decaauts)
 A = Elapsed time spent in this place.
 B = Non-inter-level travel time spent in this place.
 C = Inter-level travel time spent in this place.
 D = Time resting spent in this place.
 E = Time spent auto-exploring this place.
 F = Levels seen in this place.
 G = Mean time per level.
                   A        B        C        D        E       F      G
               +--------+--------+--------+--------+--------+-----+--------+
         Total |  27599 |  25565 |   2034 |   7035 |  12285 |  22 | 1254.5 |
       Dungeon |  18076 |  16601 |   1475 |   3846 |   8852 |  14 | 1291.1 |
        Temple |     43 |     37 |      6 |      0 |     30 |   1 |   43.0 |
          Lair |   8888 |   8335 |    553 |   2988 |   3240 |   5 | 1777.6 |
    Slime Pits |      1 |      1 |      0 |      0 |      0 |   1 |    1.0 |
         Sewer |    589 |    589 |      0 |    201 |    163 |   1 |  589.0 |
               +--------+--------+--------+--------+--------+-----+--------+

Top non-repeatable levels by time:
  Lair:5: 2380 daAuts
     D:9: 2241 daAuts
  Lair:1: 1929 daAuts
     D:8: 1865 daAuts
  Lair:3: 1808 daAuts
     D:3: 1730 daAuts
  Lair:4: 1536 daAuts
     D:6: 1524 daAuts
     D:7: 1454 daAuts
    D:11: 1366 daAuts
    D:14: 1324 daAuts
  Lair:2: 1234 daAuts
     D:5: 1212 daAuts
     D:1: 1096 daAuts
    D:12: 951 daAuts
